 Dungeon Crawl Stone Soup version 0.29-a0-334-gb41bcbb86e (webtiles) character file.

Game seed: 10791899013554119805

382 Murumi the Chopper (level 6, -3/56 HPs)
             Began as a Hill Orc Fighter on Apr 14, 2022.
             Slain by a gnoll sergeant
             ... wielding a +0 spear
              (7 damage)
             ... on level 4 of the Dungeon.
             The game lasted 00:16:55 (4416 turns).

Murumi the Chopper (Hill Orc Fighter)               Turns: 4416, Time: 00:16:55

Health: -3/56      AC: 10    Str: 19    XL:     6   Next: 76%
Magic:  6/6        EV:  9    Int:  8    God:
Gold:   202        SH:  5    Dex: 12    Spells: 5/5 levels left

rFire   . . .      SeeInvis .   a - +0 war axe
rCold   . . .      Faith    +   c - +0 buckler
rNeg    . . .      Spirit   .   b - +0 scale mail
rPois   .          Reflect  .   (no helmet)
rElec   .          Harm     .   m - +1 cloak
rCorr   .          Rampage  .   n - +0 pair of gloves
Will    .....                   (no boots)
Stlth   ..........              o - amulet of faith
HPRegen 0.18/turn               (no ring)
MPRegen 0.10/turn               (no ring)

@: attractive, hasted, very quick
A: no striking features
a: no special abilities


You were on level 4 of the Dungeon.
You visited 1 branch of the dungeon, and saw 5 of its levels.

You collected 202 gold pieces.

Inventory:

Hand Weapons
 a - a +0 war axe (weapon)
 k - the +5 trident "Xoeck" {holy, rPois}
   (You found it on level 2 of the Dungeon)

   It has been blessed by the Shining One to cause great damage to the undead
   and demons.
   rPois:     It protects you from poison.
Missiles
 q - 2 throwing nets (quivered)
Armour
 b - a +0 scale mail (worn)
 c - a +0 buckler (worn)
 m - a +1 cloak (worn)
 n - a +0 pair of gloves (worn)
Jewellery
 i - a ring of ice
 o - an amulet of faith (around neck)
Wands
 l - a wand of polymorph (1)
 p - a wand of iceblast (5)
Scrolls
 r - 2 scrolls of blinking
Potions
 d - 5 potions of might
 e - 3 potions of curing
 f - a potion of cancellation {unknown}
 g - 3 potions of berserk rage
 h - 2 potions of attraction
 j - a potion of haste
 s - a potion of flight {unknown}


   Skills:
 - Level 5.0 Fighting
 + Level 6.9 Axes
 - Level 4.0 Armour
 - Level 1.0 Dodging
 - Level 1.0 Stealth
 - Level 4.0 Shields


You had 5 spell levels left.
You didn't know any spells.
Your spell library contained the following spells:

 Spells                   Type           Power      Damage    Failure   Level
 Conjure Flame            Conj/Fire      0%         6-21      99%         3
 Dazzling Flash           Conj/Hex       0%         N/A       99%         3
 Ignite Poison            Fire/Tmut/Pois 0%         N/A       99%         3
 Summon Guardian Golem    Hex/Summ       0%         N/A       99%         3
 Sticky Flame             Conj/Fire      0%         2d3       100%        4
 Agony                    Necr           0%         N/A       100%        5
 Silence                  Hex/Air        0%         N/A       100%        5
 Orb of Destruction       Conj           0%         9d5       100%        7
 Spellforged Servitor     Conj/Summ      0%         N/A       100%        7


Dungeon Overview and Level Annotations

Branches:
Dungeon (5/15)
 Temple: D:4-7

Altars:
Qazlal


Message History

You block the gnoll sergeant's attack. The gnoll hits you but does no damage.
You closely miss the gnoll sergeant. You closely miss the gnoll.
The gnoll hits you from afar with a +4 spear.
The gnoll hits you but does no damage.
The gnoll hits you from afar with a +0 spear.
You hit the gnoll sergeant.
The gnoll sergeant is lightly wounded.
You completely miss the gnoll. The gnoll hits you with a +0 club.
The gnoll hits you from afar with a +4 spear.
The gnoll hits you from afar with a +0 spear.
You block the gnoll's attack.
The gnoll hits you from afar with a +4 spear!
The gnoll closely misses you.
The gnoll sergeant hits you with a +0 spear.
The gnoll hits you from afar with a +4 spear.
* * * LOW HITPOINT WARNING * * *
The gnoll completely misses you.
You climb upwards.
There is a stone staircase leading down here.
You hit the gnoll sergeant but do no damage.
The gnoll sergeant is lightly wounded.
You closely miss the gnoll.
The gnoll sergeant hits you with a +0 spear.
* * * LOW HITPOINT WARNING * * *
The gnoll hits you but does no damage.
You slash the gnoll sergeant!
The gnoll sergeant is severely wounded.
You barely miss the gnoll.
The gnoll sergeant hits you with a +0 spear.
* * * LOW HITPOINT WARNING * * *
The gnoll hits you with a +0 club.
* * * LOW HITPOINT WARNING * * *
It was a potion of attraction.
You feel attractive to monsters.
The gnoll sergeant hits you with a +0 spear.
* * * LOW HITPOINT WARNING * * *
The gnoll hits you but does no damage.
It was a potion of haste.
You feel yourself speed up.
The gnoll sergeant hits you with a +0 spear!
You die...

.# #..# #.##.###.####.#### .#
######.###.##.#............ .#
#...##..##.##.#.#.####.#### .#
#...###.##.##.#......#.# # .#
#...# #..#.##.#.#.##.#.#### ##
#...# ##.#.##.#......#..... #
#...# #...##.#.#.#########
#######...#####gg##.............#
................@##############.#
###################....).........
#.................#.#######...##
#.###############.#.# #...#.
#.#<# #.#.# #...#. #.#.# #.#.#
#...#. #.#.# #.#.# #...#. #.#.#
#.#.# #...#. #.#.# #>#.# #...#.


You could see a gnoll sergeant and a gnoll.

Vanquished Creatures
  A phantom (D:4)
  Crazy Yiuf (D:2)
  Natasha (thrice) (D:2)
  7 gnolls (D:4)
  8 adders
  2 worms
  3 dart slugs
  6 ball pythons
  5 bats
  6 endoplasms
  2 giant cockroaches (D:1)
  3 hobgoblins
  2 kobolds (D:1)
  4 quokkas
  3 goblins
  6 rats
62 creatures vanquished.

Notes
Turn   | Place    | Note
-------+----------+-------------------------------------------
     0 | D:1      | Murumi the Hill Orc Fighter began the quest for the Orb.
     0 | D:1      | Reached XP level 1. HP: 19/19 MP: 1/1
    45 | D:1      | Reached skill level 3 in Axes
   102 | D:1      | Reached XP level 2. HP: 24/27 MP: 2/2
   374 | D:1      | Found a faded altar of an unknown god.
   710 | D:2      | Identified the +5 trident "Xoeck" {holy, rPois}
   726 | D:2      | Noticed Natasha
   729 | D:2      | Killed Natasha
   730 | D:2      | Reached XP level 3. HP: 33/33 MP: 3/3
   834 | D:2      | Noticed Natasha
  1070 | D:2      | Killed Natasha
  1071 | D:2      | Reached skill level 4 in Axes
  1071 | D:2      | Reached XP level 4. HP: 28/40 MP: 4/4
  1187 | D:2      | Noticed Natasha
  1486 | D:2      | Killed Natasha
  1487 | D:2      | Reached skill level 1 in Stealth
  1665 | D:2      | Reached skill level 1 in Dodging
  1801 | D:2      | Found a runed translucent door.
  1802 | D:2      | Noticed Crazy Yiuf
  1814 | D:2      | Killed Crazy Yiuf
  1815 | D:2      | Reached XP level 5. HP: 4/46 MP: 5/5
  2228 | D:2      | Reached skill level 5 in Axes
  2778 | D:3      | Found a stormy altar of Qazlal.
  3213 | D:4      | Reached skill level 5 in Fighting
  3219 | D:4      | Reached XP level 6. HP: 18/56 MP: 6/6
  3637 | D:4      | Reached skill level 6 in Axes
  4369 | D:5      | Entered Level 5 of the Dungeon
  4416 | D:4      | Slain by a gnoll sergeant

Illustrated notes

Levels and vault maps discovered:
D:1:      minmay_arrival_nine_rooms, layout_rooms,
          shapermc_ecumenical_altar_ellora, minmay_pentomino_o4
D:2:      layout_basic, amcnicky_mini_corridor_feature, minmay_misc_feat_room,
          due_unseen_surprise, uniq_crazy_yiuf_cottage, uniq_natasha
D:3:      layout_basic, mainiacjoe_overflow_cross_hatched, moated_statue
D:4:      layout_basic, chequers_serial_rivers_micro_e
D:5:      minmay_bubble_buster, layout_loops_corners, minmay_misc_feat_encased

Skill      XL: |  1  2  3  4  5  6 |
---------------+-------------------+-----
Axes           | 3 4 5 6 |  6.9
Fighting       | 4 5 |  5.0
Shields        | 4 |  4.0
Armour         | 4 |  4.0
Stealth        | 1 |  1.0
Dodging        | 1 |  1.0

Action                   |  1- 3 |  4- 6 || total
-------------------------+-------+-------++-------
Melee: War axe           |    45 |   175 ||   220
       Unarmed           |     5 |     6 ||    11
  Use: Scroll            |     6 |     3 ||     9
       Potion            |       |     2 ||     2
Armor: Scale mail        |    22 |    77 ||    99
Dodge: Dodged            |    22 |    80 ||   102
Block: Buckler           |     8 |    40 ||    48

Table legend: (Time is in decaauts)
 A = Elapsed time spent in this place.
 B = Non-inter-level travel time spent in this place.
 C = Inter-level travel time spent in this place.
 D = Time resting spent in this place.
 E = Time spent auto-exploring this place.
 F = Levels seen in this place.
 G = Mean time per level.
                   A        B        C        D        E       F      G
               +--------+--------+--------+--------+--------+-----+--------+
         Total |   4453 |   4129 |    324 |    421 |   3045 |   5 |  890.6 |
       Dungeon |   4453 |   4129 |    324 |    421 |   3045 |   5 |  890.6 |
               +--------+--------+--------+--------+--------+-----+--------+

Top non-repeatable levels by time:
     D:4: 1357 daAuts
     D:2: 1246 daAuts
     D:1: 1120 daAuts
     D:3: 720 daAuts
     D:5: 7 daAuts
